Map: Acid Plant LE

Players

MaNa

  • Race: Protoss Protoss
  • Spawn Location: 11:00

uThermal - Winner!

  • Race: Terran Terran
  • Spawn Location: 5:00

Event: WCS Austin 2018

VOD

Have the link to the VOD?

Description

Time

  • Played on: June 1, 2018, 9:57 p.m.
  • Length: 12:41

All games in this series

Show
View Real Time Build Order
Export as new Build Order

MaNa Protoss 

Build Orders: Oracle Opening 

Get SALT Encoding   

  12  0:00  Probe  
  13  0:12  Probe  
  14  0:17  Pylon  
  14  0:24  Probe  
  15  0:32  Probe  
  15  0:39  Gateway  
  15  0:40  Probe  
  17  0:50  Assimilator, Probe  
  18  0:58  Probe  
  19  1:04  Pylon  
  19  1:06  Probe  
  20  1:17  Probe  
  21  1:26  Zealot, Cybernetics Core  
  23  1:54  Nexus  
  23  1:55  Stalker  
  23  1:59  Assimilator  
  25  2:11  Probe, Warp Gate  
  26  2:24  Stalker  
  26  2:27  Pylon  
  28  2:31  Probe  
  29  2:43  Probe  
  29  2:46  Stargate  
  29  2:56  Probe  
  29  3:08  Probe  
  30  3:14  Stalker  
  30  3:19  Oracle  
  32  3:20  Probe  
  33  3:32  Probe  
  37  3:35  Probe  
  38  3:43  Probe  
  38  3:44  Probe  
  40  3:52  Probe  
  40  3:55  Pylon  
  40  3:56  Probe  
  40  3:57  Oracle  
  40  4:02  Probe  
  45  4:03  Shield Battery  
  46  4:13  Gateway, Probe  
  46  4:14  Gateway, Probe  
  48  4:19  Assimilator  
  48  4:25  Probe  
  48  4:26  Probe  
  50  4:37  Probe  
  51  4:38  Probe  
  52  4:47  Twilight Council  
  52  4:49  Probe  
  52  4:50  Probe, Forge  
  54  4:58  Stalker  
  54  5:04  Pylon  
  54  5:15  Pylon  
  54  5:20  Pylon  
  54  5:23  Probe x2  
  55  5:32  Protoss Ground Weapons Level 1  
  55  5:34  Stalker x3  
  55  5:35  Probe x2  
  62  5:39  Resonating Glaives  
  50  5:45  Phoenix  
  50  5:47  Probe  
  53  5:57  Probe  
  52  6:17  Adept x3  
  58  6:19  Probe x2  
  55  6:41  Probe  
  55  6:45  Adept x3  
  55  6:46  Probe  
  50  6:57  Gateway, Probe  
  50  6:58  Probe  
  50  7:00  Gateway  
  52  7:04  Phoenix  
  52  7:06  Adept  
  56  7:09  Adept  
  56  7:12  Adept  
  52  7:33  Adept x2  
  52  7:34  Probe  
  57  7:42  Probe  
  56  7:44  Gateway x2  
  56  7:46  Probe  
  57  7:53  Pylon  
  57  7:56  Protoss Ground Armor Level 1, Adept x2  
  57  7:58  Probe x2  
  63  8:14  Nexus  
  63  8:19  Probe  
  64  8:21  Probe  
  57  8:31  Probe  
  57  8:33  Probe  
  55  8:36  Stalker x2  
  55  8:40  Probe  
  55  8:41  Probe  
  55  8:48  Probe  
  57  8:49  Probe  
  57  8:51  Sentry x2  
  57  8:54  Adept  
  65  8:57  Phoenix  
  65  8:58  Probe  
  65  8:59  Probe  
  66  9:10  Probe  
  66  9:11  Probe  
  68  9:20  Adept x4  
  68  9:22  Probe  
  68  9:23  Probe  
  78  9:27  Phoenix  
  80  9:31  Probe  
  80  9:34  Probe  
  80  9:35  Probe  
  83  9:44  Probe  
  84  9:46  Probe  
  84  9:47  Probe  
  84  9:48  Adept x2  
  84  9:52  Phoenix  
  91  9:56  Probe  
  91  9:58  Probe  
  91  9:59  Probe  
  90  10:08  Probe  
  90  10:10  Probe  
  90  10:12  Probe  
  93  10:19  Assimilator  
  93  10:24  Pylon  
  93  10:25  Stargate, Pylon  
  93  10:27  Pylon  
  93  10:29  Pylon  
  93  10:42  Phoenix, Probe x3  
  98  10:47  Adept x2  
  98  10:48  Adept x4  
  108  11:12  Probe  
  108  11:17  Phoenix  
  108  11:18  Pylon  
  109  11:19  Phoenix, Pylon  
  104  11:34  Phoenix, Probe  
  104  11:36  Phoenix, Adept x2  
  104  11:37  Adept x4  
  115  11:45  Gateway x2  
  119  11:58  Adept x2  
  119  11:59  Adept  
  125  12:07  Pylon  
  125  12:10  Pylon  
  125  12:22  Pylon  
  123  12:26  Adept  
  125  12:30  Adept x4  
Show
View Real Time Build Order
Export as new Build Order

uThermal Terran - Winner!

Build Orders: Cyclone Opening, Gas First Reaper Expand, Reaper Expand 

Get SALT Encoding   

  12  0:01  SCV  
  13  0:13  SCV  
  14  0:17  Supply Depot  
  14  0:25  SCV  
  14  0:27  Refinery  
  15  0:38  SCV  
  16  0:44  Barracks  
  16  0:50  SCV  
  17  1:02  SCV  
  18  1:14  SCV  
  19  1:31  Orbital Command, Reaper  
  20  1:50  Command Center  
  20  1:58  SCV  
  20  1:59  Factory  
  21  2:04  Barracks Reactor  
  21  2:10  SCV  
  21  2:13  Supply Depot  
  21  2:15  Refinery  
  22  2:22  SCV  
  23  2:34  SCV  
  24  2:42  Cyclone  
  24  2:43  Marine  
  24  2:44  Marine  
  29  2:48  Supply Depot, SCV  
  29  3:01  Marine x2  
  29  3:05  Starport  
  31  3:10  SCV  
  32  3:14  Widow Mine  
  32  3:19  Marine x2  
  36  3:22  SCV  
  38  3:34  SCV  
  38  3:36  Widow Mine  
  38  3:37  Marine  
  38  3:38  Orbital Command  
  41  3:46  SCV  
  41  3:47  Medivac  
  44  3:49  Marine  
  44  3:55  Marine  
  46  3:58  SCV  
  46  3:59  Factory Tech Lab  
  47  4:07  SCV  
  47  4:08  Supply Depot  
  48  4:12  Bunker  
  48  4:16  SCV  
  49  4:20  Siege Tank  
  49  4:21  Liberator, SCV  
  53  4:28  SCV  
  53  4:30  Marine  
  53  4:33  SCV  
  55  4:43  Marine  
  56  4:48  Marine  
  57  4:55  Siege Tank  
  57  4:57  SCV  
  57  4:58  Engineering Bay  
  61  5:01  Marine  
  61  5:05  Engineering Bay  
  62  5:12  SCV x2  
  64  5:16  Supply Depot  
  64  5:17  Marine  
  64  5:19  Marine  
  63  5:29  Missile Turret x2  
  63  5:30  Liberator, SCV  
  63  5:33  SCV  
  62  5:36  Marine  
  62  5:42  SCV  
  62  5:45  SCV  
  62  5:46  Marine  
  67  5:54  Marine, SCV  
  69  5:57  Siege Tank  
  69  6:04  Marine  
  72  6:05  SCV  
  72  6:07  Supply Depot  
  72  6:11  SCV  
  75  6:12  Marine  
  75  6:18  SCV  
  76  6:21  Marine  
  76  6:22  Supply Depot  
  76  6:23  SCV  
  73  6:30  Marine, Bunker, SCV  
  73  6:32  Bunker  
  75  6:33  Siege Tank  
  75  6:39  Marine  
  77  6:42  SCV  
  77  6:43  SCV  
  72  6:48  Refinery x2, Marine  
  73  6:54  Liberator, SCV  
  73  6:55  SCV  
  73  6:57  Marine  
  73  6:59  Command Center  
  76  7:05  Siege Tank  
  76  7:06  SCV  
  76  7:08  Marine  
  82  7:15  Marine  
  86  7:20  Barracks  
  82  7:23  Barracks  
  82  7:26  Marine  
  73  7:33  Marine  
  70  7:37  Liberator  
  70  7:40  Siege Tank  
  70  7:43  Marine  
  68  7:49  Terran Infantry Weapons Level 1  
  68  7:50  Marine  
  69  7:52  Barracks  
  69  7:54  Barracks  
  69  7:55  SCV  
  69  7:58  SCV  
  74  8:01  Marine  
  75  8:06  Supply Depot  
  75  8:07  Terran Infantry Armor Level 1  
  75  8:08  Marine  
  75  8:09  Engineering Bay, SCV  
  75  8:11  Armory, Barracks Tech Lab  
  75  8:12  Barracks Tech Lab  
  77  8:17  Orbital Command  
  74  8:20  SCV  
  70  8:27  SCV  
  70  8:32  Combat Shields  
  70  8:33  Stimpack, Marine x2  
  72  8:36  SCV  
  72  8:40  Starport Reactor  
  73  8:43  Barracks Reactor  
  73  8:45  Barracks Reactor  
  73  8:46  SCV  
  74  8:49  Orbital Command  
  74  8:50  SCV  
  74  8:53  Marine  
  74  8:54  Supply Depot  
  76  8:56  Marine  
  76  8:58  Marine, SCV  
  76  9:00  Marine  
  76  9:02  SCV  
  80  9:04  Siege Tank  
  80  9:10  SCV  
  80  9:11  Marine  
  80  9:14  SCV  
  83  9:18  Missile Turret  
  83  9:19  Missile Turret  
  83  9:20  Missile Turret  
  83  9:21  Supply Depot  
  83  9:23  Medivac  
  85  9:24  SCV  
  85  9:26  Medivac  
  85  9:28  SCV  
  89  9:35  Marine  
  89  9:36  Refinery x2, Marine, Sensor Tower  
  89  9:37  Marine  
  89  9:38  Marine  
  93  9:40  Marine x3  
  95  9:46  Marine, SCV  
  95  9:48  Bunker  
  95  9:50  Terran Infantry Weapons Level 2  
  95  9:51  SCV  
  95  9:52  SCV  
  99  9:53  Marine  
  99  9:54  Marine  
  99  9:56  Marine x2  
  99  9:58  SCV  
  104  10:00  Supply Depot, Siege Tank  
  104  10:03  SCV  
  104  10:04  SCV  
  104  10:05  Marine  
  104  10:06  Marine x3  
  110  10:09  Terran Infantry Armor Level 2  
  110  10:10  SCV  
  110  10:11  Marine  
  110  10:12  Marine  
  110  10:14  Marine  
  114  10:15  SCV  
  114  10:16  SCV  
  114  10:18  Marine, Supply Depot, Factory  
  117  10:22  SCV  
  117  10:23  Supply Depot, Marine x2  
  117  10:24  Marine  
  117  10:25  Medivac  
  117  10:28  Medivac  
  126  10:34  Marine x3  
  128  10:36  SCV  
  128  10:41  SCV x2  
  128  10:42  Supply Depot  
  131  10:47  Marine x2  
  131  10:48  Command Center, SCV  
  132  10:51  Siege Tank  
  132  10:53  Marine x2, SCV  
  132  10:55  Missile Turret  
  132  10:56  Marine  
  139  10:59  Marine x2  
  139  11:01  Factory Tech Lab  
  139  11:03  Marine  
  142  11:11  Marine  
  143  11:12  Supply Depot  
  143  11:15  Medivac x2, Marine x2  
  143  11:16  Marine x2  
  143  11:17  Marine  
  142  11:19  Marine  
  142  11:21  Marine  
  144  11:28  Liberator x2, Marine  
  140  11:33  Marine x2  
  140  11:34  Marine x3, Siege Tank  
  140  11:37  Marine  
  140  11:39  Marine, Siege Tank  
  150  11:46  Marine, SCV  
  159  11:47  SCV  
  159  11:51  Marine x2  
  159  11:53  Marine x2  
  163  11:58  Marine  
  163  12:01  Planetary Fortress  
  163  12:03  SCV  
  163  12:04  Marine x2  
  163  12:06  Marine  
  167  12:09  Marine  
  168  12:16  Marine x3  
Tags
 
Add a new tag
Caveats
  • Supply blocks, unpowered buildings, or Contaminate may cause inaccurate times.
  • Supply counts are checked every 10 seconds.